 Dungeon Sprint DCSS version 0.30-a0-996-ga6910c8ee8 (webtiles) character file.

Game seed: 7954142403823300374

318 DiggyJ the Grappler (level 6, -4/102 HPs)
             Began as a Troll Berserker on Apr 5, 2023.
             Was a Believer of Trog.
             Slain by a draconian
             ... wielding a +0 dagger
              (12 damage)
             ... in the Dungeon (Sprint V: "Ziggurat Sprint").
             The game lasted 00:00:56 (102 turns).

DiggyJ the Grappler (Troll Berserker)                Turns: 102, Time: 00:00:57

Health: -4/102     AC:  4    Str: 28    XL:     6   Next: 21%
Magic:  5/5        EV: 11    Int:  3    God:    Trog [**....]
Gold:   0          SH:  0    Dex:  9    Spells: 5/5 levels left

rFire   . . .      SeeInvis .      - Unarmed
rCold   . . .      Faith    .    (no shield)
rNeg    . . .      Spirit   .    a - +0 animal skin
rPois   .          Reflect  .    (helmet restricted)
rElec   .          Rampage  .    (no cloak)
rCorr   .          NoTele   +    (gloves unavailable)
Will    .....                    (boots unavailable) Stlth
                                 (no amulet)
HPRegen 1.17/turn                (no ring)
MPRegen 0.09/turn                (no ring)

@: berserking, very quick
A: large, unfitting armour, claws 3, regeneration 1, shaggy fur 1, tough skin 1
a: Renounce Religion, Berserk, Trog's Hand


You were in the Dungeon.
You worshipped Trog.
Trog was pleased with you.
You visited 1 branch

Inventory:

Armour
 a - a +0 animal skin (worn)
Scrolls
 g - a scroll of blinking
Potions
 b - a potion of curing
 c - a potion of heal wounds
 d - a potion of haste
 e - 2 potions of magic
 f - a potion of berserk rage


   Skills:
 + Level 6.4 Fighting
 + Level 6.8 Dodging
 + Level 8.6 Unarmed Combat


You had 5 spell levels left.
You didn't know any spells.
Your spell library contained the following spells:

 Spells                   Type           Power      Damage    Failure   Level
 Cigotuvi's Dreadful Rot  Necr/Pois/Air  0%         N/A       67%         2
 Maxwell's Capacitive Co  Air            0%         ∞         100%        8


Dungeon Overview and Level Annotations

Branches:
Dungeon (1/1)

Altars:
Ashenzari
Cheibriados
Dithmenos
Elyvilon
Fedhas
Gozag
Hepliaklqana
Kikubaaqudgha
Makhleb
Nemelex Xobeh
Okawaru
Qazlal
Ru
Sif Muna
Trog
Uskayaw
Vehumet
Wu Jian
Xom
Yredelemnul
Zin
The Shining One
Jiyva
Lugonu

Annotations:
D 1 transporter


Innate Abilities, Weirdness & Mutations

You are too large for most types of armour.
You have claws for hands.
Your natural rate of healing is unusually fast.
You are covered in fur. (AC +1)
You have tough skin. (AC +1)


Message History

You see here a staff of earth.
You see here a +1 trident of venom.
You see here a +3 leather armour of poison resistance.
You see here a +1 trident of venom.
There is a transporter here.
Welcome to arena 3.
You enter the transporter and appear at another place. 4 draconians come into view.
The draconian roars! x3
Found four items.
Found a transporter.
A red film seems to cover your vision as you go berserk!
You feel yourself moving faster!
You feel mighty!
The draconian hits you with a +0 dagger!
You closely miss the draconian. You closely miss the draconian.
The draconian hits you with a +0 whip! The draconian hits you with a +0 club!
The draconian barely misses you.
You closely miss the draconian. The draconian hits you with a +0 whip.
The draconian hits you but does no damage.
The draconian hits you with a +0 morningstar!
The draconian hits you with a +0 club.
You scratch the draconian.
The draconian is lightly wounded.
You scratch the draconian but do no damage.
The draconian is lightly wounded.
The draconian closely misses you.
The draconian hits you with a +0 morningstar!!
The draconian closely misses you. The draconian hits you with a +0 club.
You claw the draconian! Your claw misses the draconian.
The draconian is moderately wounded.
You claw the draconian!
The draconian is heavily wounded.
The draconian hits you with a +0 whip. The draconian hits you with a +0 club!
* * * LOW HITPOINT WARNING * * *
The draconian closely misses you.
The draconian hits you with a +0 dagger!
* * * LOW HITPOINT WARNING * * *
You closely miss the draconian.
The draconian is heavily wounded.
The draconian hits you with a +0 dagger!
You die...

▓▓▓▓▓▓▓▓▓▓▓▓▓▓▓▓▓▓▓
▓.8©8.▓.8©8.▓.8©8.▓
▓.))).▓.[)|.▓.....▓
▓..[..▓.....▓...|.▓
▓.....▓.....▓.....▓
▓..ddd▓.....▓.....▓
▓..d@.▓...†.▓..©..▓
▓..©..▓..©..▓▓▓▓▓▓▓
▓▓▓▓▓▓▓▓▓▓▓▓▓


You could see 4 draconians.

Vanquished Creatures
  A jumping spider (D)
  2 scorpions (D)
  A crimson imp (D)
  An ufetubus (D)
5 creatures vanquished.

Notes
Turn   | Place    | Note
-------+----------+-------------------------------------------
     0 | D        | DiggyJ the Troll Berserker began the quest for the Orb.
     0 | D        | Reached XP level 1. HP: 22/22 MP: 0/0
     0 | D        | Found a shimmering blue altar of Sif Muna.
     0 | D        | Found a bloodstained altar of Trog.
     0 | D        | Found a sacrificial altar of Ru.
     0 | D        | Found a stormy altar of Qazlal.
     0 | D        | Found an iron altar of Okawaru.
     2 | D        | Found a sparkling altar of Nemelex Xobeh.
     2 | D        | Found the +6 Majin-Bo {spellvamp, MP+6 Int+6}
     2 | D        | Found the +27 heavy crossbow "Sniper" {heavy, Acc+∞ SInv}
     2 | D        | Found the +10 dark maul {heavy}
     2 | D        | Found the +15 Maxwell's patent armour {-Cast -Tele rElec
                  | Will+ rCorr}
     2 | D        | Found the +18 shield of the Gong {Loud rN+ Will+ rCorr
                  | EV-5}
     2 | D        | Found the +16 obsidian axe {drain, demonic, Mesm Drain Fly
                  | SInv}
     2 | D        | Found the +7 great mace "Firestarter" {flame, inner flame,
                  | rFlCloud rF++}
     2 | D        | Found the +6 shillelagh "Devastator" {shatter}
     2 | D        | Found the +11 plutonium sword {Contam Stlth-}
     2 | D        | Found the +8 lance "Wyrmbane" {slay drac, rPois rF+ rC+
                  | AC+3}
     2 | D        | Found the +9 sword of Zonguldrok {reap}
     2 | D        | Found the +13 scythe of Curses {drain, curses, Drain}
     2 | D        | Found the +9 sword of Power {lifebolt}
     2 | D        | Found the +7 mace of Variability {chaos, chain chaos}
     2 | D        | Found the +11 Singing Sword {sonic wave}
     2 | D        | Found the +8 storm bow {elec, penet}
     3 | D        | Found an ancient bone altar of Kikubaaqudgha.
     3 | D        | Found a transporter.
     3 | D        | Found a corrupted altar of Lugonu.
     3 | D        | Found a viscous altar of Jiyva.
     3 | D        | Found a burning altar of Makhleb.
     3 | D        | Found a hazy altar of Hepliaklqana.
     3 | D        | Found an opulent altar of Gozag.
    10 | D        | Found a blossoming altar of Fedhas.
    14 | D        | Entered arena 2.
    14 | D        | Noticed a crimson imp
    14 | D        | Found a transporter.
    17 | D        | Killed a crimson imp
    18 | D        | Reached skill level 4 in Unarmed Combat
    18 | D        | Reached XP level 2. HP: 26/32 MP: 1/1
    18 | D        | Reached XP level 3. HP: 32/39 MP: 2/2
    18 | D        | Reached ** piety under Trog
    25 | D        | Got the Annotations on Aeromancy
    29 | D        | Entered arena 3.
    29 | D        | Noticed a jumping spider
    29 | D        | Noticed a scorpion
    29 | D        | Noticed a scorpion
    29 | D        | Found a transporter.
    36 | D        | Killed a scorpion
    37 | D        | Reached skill level 5 in Unarmed Combat
    37 | D        | Reached XP level 4. HP: 49/49 MP: 3/3
    40 | D        | Killed a scorpion
    41 | D        | Reached skill level 5 in Fighting
    41 | D        | Reached skill level 5 in Dodging
    41 | D        | Reached skill level 6 in Unarmed Combat
    41 | D        | Reached XP level 5. HP: 50/57 MP: 4/4
    43 | D        | Killed a jumping spider
    44 | D        | Reached skill level 8 in Unarmed Combat
    44 | D        | Reached XP level 6. HP: 54/68 MP: 5/5
    92 | D        | Entered arena 4.
    92 | D        | Noticed a draconian
    92 | D        | Noticed a draconian
    92 | D        | Noticed a draconian
    92 | D        | Noticed a draconian
    92 | D        | Found a transporter.
   102 | D        | Slain by a draconian

Illustrated notes

Levels and vault maps discovered:
D:        sprint_v [room_start, room_1, room_2, room_3, room_4, room_5, room_6,
          room_7, room_8, room_9, room_10, room_11, room_12, room_13, room_14,
          room_15, room_16, room_17, room_18, room_19, room_20, room_21,
          room_22, room_23, room_24, room_25, room_26, room_27]

Skill      XL: |  1  2  3  4  5 |
---------------+----------------+-----
Fighting       | 3 4 5 6 |  6.4
Dodging        | 3 4 5 6 |  6.8
Unarmed Combat | 4 5 6 8 |  8.6

Action                     |  1- 3 |  4- 6 || total
---------------------------+-------+-------++-------
  Melee: Unarmed           |     7 |    15 ||    22
         Punch             |       |     1 ||     1
 Invoke: Berserk           |     1 |     1 ||     2
 Armour: Animal skin       |     5 |     1 ||     6
  Dodge: Dodged            |     7 |     7 ||    14

Table legend: (Time is in decaauts)
 A = Elapsed time spent in this place.
 B = Non-inter-level travel time spent in this place.
 C = Inter-level travel time spent in this place.
 D = Time resting spent in this place.
 E = Time spent auto-exploring this place.
 F = Levels seen in this place.
 G = Mean time per level.
                   A        B        C        D        E       F      G
               +--------+--------+--------+--------+--------+-----+--------+
         Total |    106 |    106 |      0 |     49 |      0 |   1 |  106.0 |
       Dungeon |    106 |    106 |      0 |     49 |      0 |   1 |  106.0 |
               +--------+--------+--------+--------+--------+-----+--------+

Top non-repeatable levels by time:
       D: 106 daAuts
